 Dungeon Crawl Stone Soup version 0.25.1-2-g60ff931df9 (webtiles) character file.

Game seed: 9324656863255144769

68 OdinFK the Poker (level 4, -1/34 HPs)
             Began as a Merfolk Skald on Oct 13, 2020.
             Slain by an orc
             ... wielding a +0 dagger of protection
              (4 damage)
             ... on level 3 of the Dungeon.
             The game lasted 00:04:36 (2294 turns).

OdinFK the Poker (Merfolk Skald)                    Turns: 2294, Time: 00:04:37

Health: -1/34      AC:  4    Str: 12    XL:     4   Next: 19%
Magic:  7/7        EV: 13    Int: 12    God:
Gold:   86         SH:  0    Dex: 13    Spells: 6/7 levels left

rFire    . . .     SeeInvis .   a - +0 spear
rCold    . . .     Gourm    .   (no shield)
rNeg     . . .     Faith    .   b - +0 leather armour
rPois    .         Spirit   .   (no helmet)
rElec    .         Reflect  .   i - +0 cloak (curse)
rCorr    .         Harm     .   (no gloves)
MR       .....                  (no boots)
Stlth    +.........             (no amulet)
HPRegen  0.11/turn              (no ring)
MPRegen  0.10/turn              (no ring)

@: confused
A: change form in water, swift swim, stealthy swim
a: no special abilities


You were on level 3 of the Dungeon.
You were not hungry.

You visited 1 branch of the dungeon, and saw 3 of its levels.

You collected 86 gold pieces.

Inventory:

Hand Weapons
 a - a +0 spear (weapon)
Armour
 b - a +0 leather armour (worn)
 i - a cursed +0 cloak (worn)
Jewellery
 l - an uncursed ring of resist corrosion {unknown}
Wands
 k - a wand of paralysis (5)
Scrolls
 c - a scroll of teleportation {unknown}
 f - 2 scrolls of blinking {unknown}
 g - a scroll of enchant armour {unknown}
 n - a scroll of identify {unknown}
 o - a scroll of remove curse {unknown}
Potions
 e - a potion of ambrosia {unknown}
 h - a potion of stabbing {unknown}
 j - 2 potions of might {unknown}
 m - a potion of heal wounds {unknown}
Comestibles
 d - 4 rations
 q - 8 chunks of flesh


   Skills:
 - Level 2.5 Fighting
 + Level 4.4 Polearms
 + Level 0.8 Throwing
 - Level 1.0 Armour
 - Level 4.0 Dodging
 - Level 2.0 Spellcasting
 - Level 3.5 Charms


You had 6 spell levels left.
You knew the following spells:

 Your Spells              Type           Power        Failure   Level  Hunger
a - Infusion              Chrm           #...         9%          1    ##.....

Your spell library contained the following spells:

 Spells                   Type           Power        Failure   Level  Hunger
 Song of Slaying          Chrm           #.......     12%         2    ###....
 Shroud of Golubria       Chrm/Tloc      #.....       26%         2    ###....
 Ozocubu's Armour         Chrm/Ice       #.......     45%         3    ####...
 Spectral Weapon          Hex/Chrm       #.......     45%         3    ####...


Dungeon Overview and Level Annotations

Branches:
Dungeon (3/15)

Altars:

Annotations:
D:3 Ijyb


Message History

* * * LOW HITPOINT WARNING * * *
The orc barely misses you.
Unknown command.
You're too confused!
A jackal comes into view.
The jackal barks!
You hear a bark!
The orc hits you but does no damage.
You're too confused!
You bump into the rock wall.
The orc closely misses you. The orc barely misses you.
The jackal bites you but does no damage.
The orc barely misses you.
You barely miss the jackal.
Ijyb screams, "You nasty!
Big nasty!"
Ijyb hits you with a +4 club.
* * * LOW HITPOINT WARNING * * *
The jackal bites you.
* * * LOW HITPOINT WARNING * * *
The orc hits you with a +0 dagger of protection.
You die...

......#.# .# ......#.## .. .#
.......... #.#. .# ....#...
... .. .....#.# ##.####..
.......##h..#.#####........
.......##..h#.... #........
#.....##.@o#... #.....).#
#.....##goo#.. #....<..#
#.....##...#.#####.......#
..###.....##...#..)..........#
..........##.....####........#
...........).....# #........#
.................####†########
......##.........(.......#
..(... #.................#####


You could see Ijyb, an orc priest, 2 orcs and 2 jackals.

Vanquished Creatures
  An adder (D:3)
  2 dart slugs
  4 giant cockroaches
  10 goblins
  7 hobgoblins
  2 jackals (D:3)
  8 kobolds
  A quokka (D:2)
  6 bats
  6 frilled lizards
  7 rats
54 creatures vanquished.

Notes
Turn   | Place    | Note
-------+----------+-------------------------------------------
     0 | D:1      | OdinFK the Merfolk Skald began the quest for the Orb.
     0 | D:1      | Reached XP level 1. HP: 16/16 MP: 3/3
   388 | D:1      | Reached XP level 2. HP: 22/23 MP: 5/5
   643 | D:1      | Reached skill level 1 in Armour
   992 | D:2      | Reached XP level 3. HP: 28/28 MP: 6/6
  2169 | D:3      | Reached XP level 4. HP: 27/34 MP: 7/7
  2262 | D:3      | Noticed Ijyb
  2294 | D:3      | Slain by an orc

Illustrated notes

Levels and vault maps discovered:
D:1:      dpeg_arrival_prison, layout_basic
D:2:      layout_basic, serial_park_tiny_pond
D:3:      layout_basic, first_ration, uniq_ijyb

Skill      XL: |  1  2  3  4 |
---------------+-------------+-----
Dodging        | 3 4 |  4.0
Armour         | 1 |  1.0
Polearms       | 4 |  4.4
Fighting       | |  2.5
Throwing       | |  0.8
Spellcasting   | |  2.0
Charms         | |  3.5

Action                   |  1- 3 |  4- 6 || total
-------------------------+-------+-------++-------
Melee: Spear             |   184 |    54 ||   238
Throw: Dart              |       |     4 ||     4
  Eat: Chunk             |     4 |     1 ||     5
Armor: Leather armour    |    27 |     9 ||    36
Dodge: Dodged            |    85 |    26 ||   111
